AoeStats
← dodosh

Arabia

508273356Analyzed
1v1 RM · 9d ago on Sep 21, 2026· 52m 4s· 2 players
Game mode
Random Map
Map size
Tiny (2 player)
Population
200
Speed
Normal
Resources
Standard
Victory
Conquest
Starting age
Dark Age
Ending age
Imperial Age
RankedLock teamsTeams togetherTeam positionsShared explorationLock speedFull tech treeHidden civsTurbo modeCheats
Victory
Defeat
🇧🇪 Goths · Belgium
545
+17
🇨🇴 Vietnamese · Colombia
564
-17
dodosh
9:17 Loom
13:10 Feudal Age
20:54 Castle Age
19:40 Double-Bit Axe
19:54 Horse Collar
20:21 Gold Mining
22:08 Wheelbarrow
23:16 Elite Skirmisher
24:12 Man-at-Arms
25:52 Hand Cart
27:47 Scale Mail Armor
27:58 Forging
27:38 Fletching
27:49 Padded Archer Armor
27:27 Long Swordsman
32:27 Imperial Age
32:22 Squires
33:59 Bow Saw
33:57 Heavy Plow
35:14 Chemistry
34:09 Heated Shot
34:52 Ballistics
35:03 Anarchy
35:27 Conscription
38:12 Pikeman
38:13 Two-Handed Swordsman
41:59 Halberdier
43:00 Chain Mail Armor
43:21 Iron Casting
42:42 Bodkin Arrow
43:02 Leather Archer Armor
42:44 Champion
FearsomeBadge81
0:29 Loom
10:37 Feudal Age
11:11 Double-Bit Axe
11:07 Horse Collar
12:52 Wheelbarrow
12:02 Town Watch
19:16 Castle Age
19:40 Stone Mining
21:15 Heavy Plow
21:27 Bow Saw
22:14 Hand Cart
22:00 Town Patrol
23:33 Fletching
25:01 Murder Holes
25:16 Fortified Wall
25:22 Forging
26:22 Ballistics
26:22 Arson
26:44 Husbandry
27:01 Bloodlines
27:47 Gold Mining
28:18 Bodkin Arrow
28:10 Elite Skirmisher
29:48 Thumb Ring
29:09 Pikeman
29:49 Squires
36:02 Imperial Age
34:15 Padded Archer Armor
36:05 Leather Archer Armor
36:26 Iron Casting
35:52 Scale Mail Armor
35:57 Scale Barding Armor
39:23 Bracer
39:54 Ring Archer Armor
41:07 Chemistry
40:31 Chain Barding Armor
40:49 Imperial Skirmisher
43:46 Plate Barding Armor
43:42 Cavalier
Connection lost

Rejoining the realm…

Still unreachable

The connection could not be restored.

Session expired

The server has moved on; the page needs a fresh start.